 Dungeon Crawl Stone Soup version 0.31.0-12-g77e489cdc1 (webtiles) character file.

Game seed: 8199850276832686007

1082 Hastwen the Trooper (level 8, -11/57 HPs)
             Began as an Octopode Monk on Feb 13, 2024.
             Was a Believer of Makhleb.
             Mangled by a sleepcap (20 damage)
             ... on level 5 of the Dungeon.
             The game lasted 00:04:54 (3444 turns).

Hastwen the Trooper (Octopode Monk)                 Turns: 3444, Time: 00:04:55

Health: -11/57     AC:  1    Str: 10    XL:     8   Next: 30%
Magic:  11/11      EV:  2    Int: 15    God:    Makhleb [**....]
Gold:   225        SH:  0    Dex: 14    Spells: 7/7 levels left

rFire   . . .        q - +3 short sword (elec)
rCold   . . .        b - orb {light}
rNeg    . . .        (helmet restricted)
rPois   .            x - amulet of faith {!P}
rElec   .            (no ring)
rCorr   .            (no ring)
SInv    .            (no ring)
Will    .....        (no ring)
Stlth   +            (no ring)
HPRegen 0.29/turn    (no ring)
MPRegen 0.12/turn    (no ring)
                     (no ring)

%: faith
@: sleeping, glowing
A: almost no armour, amphibious, 8 rings, camouflage 1, gelatinous body 1,
(nimble swimmer 1), tentacles
a: Renounce Religion, Minor Destruction


You were on level 5 of the Dungeon.
You worshipped Makhleb.
Makhleb was pleased with you.
You visited 1 branch of the dungeon, and saw 5 of its levels.

You collected 225 gold pieces.


Innate Abilities, Weirdness & Mutations

You cannot wear most types of armour.
You are amphibious.
You can wear up to eight rings at the same time.
Your skin changes colour to match your surroundings (Stealth+).
Your rubbery body absorbs attacks. (AC +1, EV +1)
((You are camouflaged when in or above water. (Stealth+)))
You have tentacles for arms and can constrict up to eight enemies at once.


   Skills:
 - Level 6.0 Fighting
 + Level 4.4 Dodging
 - Level 4.0 Unarmed Combat
 - Level 5.0 Invocations
 - Level 5.0 Evocations


You had 7 spell levels left.
You didn't know any spells.
Your spell library contained the following spells:

 Spells                   Type           Power      Damage    Failure   Level
 Sting                    Conj/Alch      0%         1d3       26%         1
 Mercury Vapours          Alch/Air       0%         N/A       38%         2
 Scorch                   Fire           0%         2d5       38%         2
 Inner Flame              Hex/Fire       0%         N/A       63%         3
 Flame Wave               Conj/Fire      0%         2d4       95%         4
 Olgreb's Toxic Radiance  Alch           0%         N/A       95%         4
 Sticky Flame             Fire/Alch      0%         2d4       95%         4
 Summon Cactus Giant      Summ           0%         N/A       100%        6

Inventory:

Hand Weapons
 q - a +3 short sword of electrocution (weapon)
Missiles
 c - 9 poisoned darts (quivered)
Armour
 b - an orb of light (worn)
Jewellery
 v - a ring of see invisible
 x - an amulet of faith (around mantle) {!P}
Wands
 w - a wand of mindburst (11)
Scrolls
 d - 2 scrolls of enchant armour {unknown}
 f - 2 scrolls of revelation {unknown}
 h - 4 scrolls of enchant weapon {unknown}
 i - 4 scrolls of identify {unknown}
 j - 3 scrolls of teleportation {unknown}
 l - 2 scrolls of vulnerability {unknown}
 n - a scroll of torment {unknown}
 o - a scroll of blinking {unknown}
 r - a scroll of fear {unknown}
 s - a scroll of noise {unknown}
 t - a scroll of poison {unknown}
Potions
 a - a potion of ambrosia
 e - 2 potions of heal wounds {unknown}
 g - a potion of might {unknown}
 k - 2 potions of brilliance {unknown}
 m - 2 potions of curing {unknown}
 p - a potion of resistance {unknown}
 u - 2 potions of enlightenment {unknown}

Dungeon Overview and Level Annotations

Branches:
Dungeon (6/15)
 Temple: D:4-7

Altars:
Dithmenos
Makhleb

Shops:
D:6 [

Annotations:
D:3 1 runed translucent door, GrumpyGrim72's ghost, amateur DECj

.# #.## ..### # #..#
##...#####. # ##..#
#..†....... ##...###
####...#
##......####.....##
###...............##
##................##
......#...........#
....###..#######@f#
...## #...# #..##
...####...# #..#
#.........## ##..#
####.......###...#
#.#.####..).#...####
##.#..#
##..........#
#.#..##
#....###..... ..#..#
#...## ###...


You could see a sleepcap.


Message History

The liquid fire burns you!
* * * LOW HITPOINT WARNING * * *
Unknown command.
The liquid fire burns you!
* * * LOW HITPOINT WARNING * * *
The liquid fire burns you!
* * * LOW HITPOINT WARNING * * *
Unknown command.
The liquid fire burns you!
* * * LOW HITPOINT WARNING * * *
Unknown command.
The liquid fire burns you!
* * * LOW HITPOINT WARNING * * *
Unknown command.
The liquid fire burns you!
* * * LOW HITPOINT WARNING * * *
Unknown command.
You start resting.
A sleepcap comes into view.
A sleepcap is nearby!
Unknown command.
A sleepcap is nearby!
A sleepcap is nearby!
Unknown command.
The sleepcap releases spores at you!
* * * LOW HITPOINT WARNING * * *
You are engulfed in a cloud of soporific spores!
You fall asleep.
The sleepcap releases spores at you!!
You die...

Skill      XL: |  1  2  3  4  5  6  7  8 |
---------------+-------------------------+-----
Fighting       | 4 5 6 |  6.0
Unarmed Combat | 4 |  4.0
Invocations    | 3 5 |  5.0
Evocations     | 2 3 5 |  5.0
Dodging        | 4 |  4.4

Action                     |  1- 3 |  4- 6 |  7- 9 || total
---------------------------+-------+-------+-------++-------
  Melee: Unarmed           |    54 |       |       ||    54
         Constrict         |    17 |    11 |    12 ||    40
         Tentacles         |    10 |    16 |    12 ||    38
         Short sword       |     5 |    46 |    54 ||   105
         Punch             |     3 |     2 |     1 ||     6
  Throw: Dart              |       |     5 |       ||     5
   Stab: Sleeping          |     1 |       |       ||     1
 Armour: Skin              |    25 |    12 |    30 ||    67
  Dodge: Dodged            |    47 |    28 |    33 ||   108

Levels and vault maps discovered:
D:1:      dpeg_arrival_pits, layout_basic, minmay_pentomino_t2
D:2:      layout_loops_cross, minmay_randomly_rotated_circles
D:3:      layout_basic, mainiacjoe_overflow_tiny_flanked, old_standard_altar,
          ebering_ghost_sewer_d
D:5:      layout_layer_cave, minmay_temple_entry_statues_fountains
D:6:      layout_basic, serial_shops, shop, grunt_decor_one_mirror

Notes
Turn   | Place    | Note
-------+----------+-------------------------------------------
     0 | D:1      | Hastwen the Octopode Monk began the quest for the Orb.
     0 | D:1      | Reached XP level 1. HP: 16/16 MP: 1/1
   414 | D:1      | Reached XP level 2. HP: 21/21 MP: 2/2
   981 | D:2      | Reached skill level 4 in Fighting
  1007 | D:2      | Reached XP level 3. HP: 27/27 MP: 3/3
  1334 | D:2      | Reached skill level 4 in Unarmed Combat
  1334 | D:2      | Reached XP level 4. HP: 28/33 MP: 4/4
  1607 | D:3      | Found a burning altar of Makhleb.
  1617 | D:3      | Became a worshipper of Makhleb the Destroyer
  1617 | D:3      | Reached * piety under Makhleb
  1617 | D:3      | Reached ** piety under Makhleb
  1647 | D:3      | Found a runed translucent door.
  1653 | D:3      | Noticed GrumpyGrim72's ghost (amateur DECj)
  1864 | D:3      | Found a shadowy altar of Dithmenos.
  1992 | D:3      | You fall into a shaft and drop 3 floors!
  2024 | D:6      | Reached skill level 1 in Invocations
  2047 | D:6      | Reached skill level 1 in Evocations
  2053 | D:6      | Noticed a troll
  2063 | D:6      | Killed a troll
  2064 | D:6      | Reached skill level 5 in Fighting
  2064 | D:6      | Reached skill level 3 in Invocations
  2064 | D:6      | Reached skill level 2 in Evocations
  2064 | D:6      | Reached XP level 5. HP: 15/39 MP: 4/7
  2064 | D:6      | Reached XP level 6. HP: 17/45 MP: 4/8
  2306 | D:6      | Reached skill level 3 in Evocations
  2320 | D:6      | Reached XP level 7. HP: 30/50 MP: 9/9
  2523 | D:6      | Reached skill level 4 in Invocations
  2553 | D:6      | Found Ynleafun's Antique Armour Boutique.
  2560 | D:6      | Reached skill level 4 in Evocations
  2567 | D:5      | Entered Level 5 of the Dungeon
  2578 | D:5      | Reached skill level 5 in Invocations
  2885 | D:5      | Reached skill level 5 in Evocations
  2948 | D:5      | Reached XP level 8. HP: 37/57 MP: 11/11
  3047 | D:5      | Reached skill level 6 in Fighting
  3345 | D:5      | Reached skill level 4 in Dodging
  3389 | D:5      | HP: 1/57 [burnt (6)]
  3444 | D:5      | Mangled by a sleepcap

Vanquished Creatures
  A troll (D:6)
  An ice beast (D:5)
  A black bear (D:5)
  A phantom (D:5)
  A scorpion (D:5)
  A bullfrog (D:6)
  4 wights (D:6)
  A howler monkey (D:5)
  3 bombardier beetles (D:5)
  A hound (D:5)
  An iguana (D:6)
  5 adders
  A shadow imp (D:6)
  2 ufetubi (D:5)
  7 bats
  5 endoplasms
  2 giant cockroaches (D:3)
  4 goblins
  5 hobgoblins
  3 kobolds
  4 quokkas
  6 ball pythons
  A frilled lizard (D:2)
  4 rats
65 creatures vanquished.

Table legend: (Time is in decaauts)
 A = Elapsed time spent in this place.
 B = Non-inter-level travel time spent in this place.
 C = Inter-level travel time spent in this place.
 D = Time resting spent in this place.
 E = Time spent auto-exploring this place.
 F = Levels seen in this place.
 G = Mean time per level.
                   A        B        C        D        E       F      G
               +--------+--------+--------+--------+--------+-----+--------+
         Total |   3440 |   3402 |     38 |    915 |   2004 |   5 |  688.0 |
       Dungeon |   3440 |   3402 |     38 |    915 |   2004 |   5 |  688.0 |
               +--------+--------+--------+--------+--------+-----+--------+

Top non-repeatable levels by time:
     D:2: 823 daAuts
     D:6: 812 daAuts
     D:1: 770 daAuts
     D:5: 640 daAuts
     D:3: 394 daAuts

Table legend:
 A = Non-vault XP
 B = Vault XP
 C = Vault XP percentage of total XP
 D = Non-vault monster count
 E = Vault monster count
 F = Vault count percentage of total count
                 A         B        C        D         E       F
            +---------+---------+-------+---------+---------+-------
      Total |    1526 |      21 |   1.4 |      58 |       7 |  10.8
            +---------+---------+-------+---------+---------+-------
        D:1 |      18 |       1 |   5.3 |      10 |       1 |   9.1
        D:2 |      44 |      20 |  31.2 |      14 |       6 |  30.0
        D:3 |      23 |       0 |   0.0 |      13 |       0 |   0.0
        D:5 |     709 |       0 |   0.0 |      12 |       0 |   0.0
        D:6 |     732 |       0 |   0.0 |       9 |       0 |   0.0
            +---------+---------+-------+---------+---------+-------
